 Dungeon Crawl Stone Soup version 0.21.1-1-g345015f (webtiles) character file.

86 wojtek the Firebug (level 4, -10/30 HPs)
             Began as a Demonspawn Fire Elementalist on Mar 25, 2018.
             Mangled by Crazy Yiuf
             ... wielding a +4 quarterstaff of chaos
              (17 damage)
             ... on level 2 of the Dungeon.
             The game lasted 00:05:14 (3146 turns).

wojtek the Firebug (Demonspawn Fire Elementalist)   Turns: 3146, Time: 00:05:15

Health: -10/30     AC:  3    Str:  9    XL:     4   Next: 27%
Magic:  1/7        EV: 12    Int: 17    God:
Gold:   90         SH:  4    Dex: 13    Spells: 3/7 levels left

rFire    . . .     SeeInvis .   g - +0 dagger
rCold    . . .     Gourm    .   (no shield)
rNeg     . . .     Faith    .   a - +1 robe
rPois    .         Spirit   .   (helmet restricted)
rElec    .         Reflect  .   (no cloak)
rCorr    .         Harm     .   (no gloves)
MR       .....                  (no boots)
Stlth    ++........             f - amulet of inaccuracy (curse)
HPRegen  0.10/turn              (no ring)
MPRegen  0.10/turn              (no ring)

@: no status effects
A: horns 1, large bone plates 1
a: no special abilities


You were on level 2 of the Dungeon.
You were near starving.

You visited 1 branch of the dungeon, and saw 2 of its levels.

You collected 90 gold pieces.

Inventory:

Hand Weapons
 g - a +0 dagger (weapon)
Armour
 a - a +1 robe (worn)
Jewellery
 f - a cursed amulet of inaccuracy (around neck)
Scrolls
 d - a scroll of teleportation
 e - a scroll of magic mapping
 j - a scroll of enchant armour
Potions
 i - a potion of heal wounds {unknown}
 l - a potion of degeneration {unknown}
 m - a potion of flight {unknown}
 n - a potion of brilliance {unknown}
 o - a potion of agility {unknown}
 p - a potion of resistance
Books
 b - a book of Flames

   Spells                             Type                      Level
   a - Flame Tongue                   Conjuration/Fire             1
   b - Throw Flame                    Conjuration/Fire             2
   c - Conjure Flame                  Conjuration/Fire             3
   d - Inner Flame                    Hexes/Fire                   3
   e - Sticky Flame                   Conjuration/Fire             4
   f - Fireball                       Conjuration/Fire             5
Comestibles
 c - 2 rations


   Skills:
 - Level 1.7 Dodging
 - Level 1.7 Stealth
 - Level 2.0 Spellcasting
 - Level 1.0 Conjurations
 + Level 4.7 Fire Magic


You had 3 spell levels left.
You knew the following spells:

 Your Spells              Type           Power        Failure   Level  Hunger
a - Flame Tongue          Conj/Fire      ##...        6%          1    #......
b - Conjure Flame         Conj/Fire      ##......     19%         3    ###....


Dungeon Overview and Level Annotations

Branches:
Dungeon (2/15)

Altars:

Annotations:
D:1 1 runed door
D:2 Crazy Yiuf


Innate Abilities, Weirdness & Mutations

You have a pair of small horns on your head.
You are partially covered in large bone plates. (SH +4)


Message History

Press: ? - help, Shift-Dir - straight line, f/p - Crazy Yiuf
Aim: Crazy Yiuf, wielding a quarterstaff of chaos and wearing a cloak (moderately wounded)
The flame tongue hits Crazy Yiuf.
Crazy Yiuf is severely wounded.
Crazy Yiuf barely misses you.
Casting: Flame Tongue
Confirm with . or Enter, or press ? or * to list all spells.
You don't have enough magic to cast that spell.
You hit Crazy Yiuf.
Crazy Yiuf is almost dead.
Crazy Yiuf barely misses you.
You miss Crazy Yiuf. Your headbutt misses Crazy Yiuf.
Crazy Yiuf is almost dead.
Crazy Yiuf says, "Two illywillydillykilly shoe!"
Crazy Yiuf misses you.
You hit Crazy Yiuf. Your headbutt misses Crazy Yiuf.
Crazy Yiuf is almost dead.
Crazy Yiuf hits you with a quarterstaff of chaos!
Ouch! That really hurt!
You die...

###
#....####(..###.#
#....# ##.).# #.#
♣....♣ #....# #.#
♣♣...♣ ###..# #.#
♣♣.♣♣ #....###.#
♣♣.♣ ####.....#
♣.♣♣ #.###.# ♣♣.♣
#.....# ♣@♣♣
####### *#g#*
*...* #...# #)..#
#####


You could see Crazy Yiuf.

Vanquished Creatures
  A gnoll (D:1)
  An adder (D:2)
  An ooze (D:2)
  A worm (D:2)
  A dart slug (D:2)
  A ball python (D:1)
  4 giant cockroaches
  11 hobgoblins
  4 jackals (D:1)
  A quokka (D:2)
  4 bats (D:1)
  A frilled lizard (D:1)
  10 goblins
  8 kobolds
  3 rats
52 creatures vanquished.

Notes
Turn   | Place    | Note
-------+----------+-------------------------------------------
     0 | D:1      | wojtek the Demonspawn Fire Elementalist began the quest for the Orb.
     0 | D:1      | Reached XP level 1. HP: 13/13 MP: 3/3
     1 | D:1      | Found a runed door.
   218 | D:1      | Reached skill level 3 in Fire Magic
   334 | D:1      | Gained mutation: You are partially covered in large bone plates. (SH +4) [demonic ancestry]
   334 | D:1      | Reached XP level 2. HP: 16/19 MP: 1/5
  1319 | D:1      | Reached XP level 3. HP: 24/24 MP: 4/6
  1343 | D:1      | Learned a level 3 spell: Conjure Flame
  1627 | D:2      | Reached skill level 4 in Fire Magic
  2223 | D:2      | Gained mutation: You have a pair of small horns on your head. [demonic ancestry]
  2223 | D:2      | Reached XP level 4. HP: 24/30 MP: 1/7
  2747 | D:1      | HP: 1/30 [gnoll/spear (9)]
  3132 | D:2      | Found a runed door.
  3136 | D:2      | Noticed Crazy Yiuf
  3146 | D:2      | Mangled by Crazy Yiuf

Skill      XL: |  1  2  3 |
---------------+----------+-----
Fire Magic     | 3 4 |  4.7
Dodging        | |  1.7
Stealth        | |  1.7
Spellcasting   | |  2.0
Conjurations   | |  1.0

Action                   |  1- 3 |  4- 6 || total
-------------------------+-------+-------++-------
Melee: Dagger            |    53 |    11 ||    64
       Unarmed           |     2 |       ||     2
 Cast: Flame Tongue      |    83 |    30 ||   113
  Use: Scroll            |       |     5 ||     5
 Stab: Sleeping          |     1 |       ||     1
  Eat: Chunk             |     5 |     2 ||     7
Armor: Robe              |     9 |       ||     9
Dodge: Dodged            |    64 |    18 ||    82
Block: Other             |    12 |     5 ||    17
